 Dungeon Crawl Stone Soup version 0.29.1-15-g9cfb28693d (webtiles) character file.

Game seed: 6657425975327897151

54762 croobank the Covert (level 14, -13/118 HPs)
             Began as a Demigod Fire Elementalist on Mar 16, 2023.
             Mangled by a two-headed ogre
             ... wielding a +0 giant club
              (20 damage)
             ... on level 1 of the Orcish Mines.
             The game lasted 01:45:15 (34611 turns).

croobank the Covert (Demigod Fire Elementalist)    Turns: 34611, Time: 01:45:15

Health: -13/118    AC: 10    Str: 13    XL:     14   Next: 3%
Magic:  0/31       EV: 14    Int: 43    God:
Gold:   277        SH:  9    Dex: 18    Spells: 9/30 levels left

rFire   + . .      SeeInvis .   e - +3 dagger (holy)
rCold   + . .      Faith    .   q - +3 buckler
rNeg    . . .      Spirit   +   w - +4 robe of Augmentation {Str+4 Int+4 Dex+4}
rPois   +          Reflect  .   C - +2 helmet
rElec   +          Harm     .   D - scarf {rC+ rF+}
rCorr   .          Rampage  .   n - +0 pair of gloves "Ugril" {rElec rPois}
Will    ++...                   (no boots)
Stlth   +++++.....              J - amulet of guardian spirit
HPRegen 0.29/turn               f - ring of willpower
MPRegen 0.22/turn               s - +6 ring of intelligence

@: grasped by roots, on berserk cooldown, slowed, constricted, very slow
A: high MP 1, forlorn, divine attributes
a: no special abilities


You were on level 1 of the Orcish Mines.
You visited 3 branches of the dungeon, and saw 18 of its levels.
You also visited: Ice Cave.

You collected 1052 gold pieces.
You spent 775 gold pieces at shops.

Inventory:

Hand Weapons
 e - a +3 dagger of holy wrath (weapon)
 r - the +4 flail of the Wheel {protect, Str-3 Int+3 Dex+7}
   (You found it on level 5 of the Dungeon)

   It grants its wielder temporary protection when it strikes (+7 to AC).
   Str:       It affects your strength (-3).
   Int:       It affects your intelligence (+3).
   Dex:       It affects your dexterity (+7).
 x - a +2 scimitar of holy wrath
 A - a +2 short sword of holy wrath
 F - a +2 trident of flaming
 K - a +1 antimagic falchion
 M - a +2 dagger of venom
 O - a +3 quarterstaff of chaos
 U - a +4 scimitar of flaming
Missiles
 a - 12 throwing nets (quivered)
 c - 5 curare-tipped darts
 p - 40 poisoned darts
 B - 6 boomerangs
 T - 4 atropa-tipped darts
 W - 6 javelins
Armour
 n - the +0 pair of gloves "Ugril" (worn) {rElec rPois}
   (You found it on level 2 of the Dungeon)

   rElec:     It insulates you from electricity.
   rPois:     It protects you from poison.
 o - a +0 crystal plate armour of cold resistance
 q - a +3 buckler (worn)
 w - the +4 robe of Augmentation (worn) {Str+4 Int+4 Dex+4}
   (You found it on level 3 of the Dungeon)

   Str:       It affects your strength (+4).
   Int:       It affects your intelligence (+4).
   Dex:       It affects your dexterity (+4).
 C - a +2 helmet (worn)
 D - a scarf of resistance (worn)
 S - a +2 robe of fire resistance
 X - a +0 troll leather armour
Jewellery
 f - a ring of willpower (left hand)
 h - a ring of ice
 s - a +6 ring of intelligence (right hand)
 y - a ring of protection from fire
 E - a +4 ring of protection
 J - an amulet of guardian spirit (around neck)
 N - a ring of protection from cold
 R - a ring of poison resistance
 Z - the ring of Biosigay {rN+ rCorr Str+4}
   (You found it on level 4 of the Lair of Beasts)

   [ring of positive energy]

   Str:       It affects your strength (+4).
   rN:        It protects you from negative energy.
   rCorr:     It protects you from acid and corrosion.
Wands
 b - a wand of light (9)
 u - a wand of mindburst (5)
 H - a wand of flame (71)
 Q - a wand of polymorph (2)
Scrolls
 m - 8 scrolls of vulnerability
 t - a scroll of fog
 z - a scroll of immolation
 G - 2 scrolls of poison
 I - a scroll of amnesia
 P - 2 scrolls of fear
Potions
 d - a potion of berserk rage
 g - a potion of brilliance
 i - a potion of mutation
 j - 5 potions of flight
 l - 4 potions of curing
 v - a potion of lignification
 L - 5 potions of ambrosia
 V - a potion of attraction


   Skills:
 + Level 9.2 Fighting
 + Level 9.5 Dodging
 + Level 10.3 Stealth
 - Level 5.2 Shields
 + Level 8.6 Spellcasting
 + Level 9.4 Conjurations
 - Level 5.0 Hexes
 + Level 9.7 Fire Magic


You had 9 spell levels left.
You knew the following spells:

 Your Spells              Type           Power      Damage    Failure   Level
a - Foxfire               Conj/Fire      100%       2x1d9     1%          1
b - Scorch                Fire           100%       2d10      1%          2
c - Inner Flame           Hex/Fire       69%        N/A       1%          3
d - Flame Wave            Conj/Fire      79%        2d17      1%          4
e - Mephitic Cloud        Conj/Pois/Air  45%        N/A       1%          3
f - Ignite Poison         Fire/Tmut/Pois 46%        N/A       1%          3
g - Freezing Cloud        Conj/Ice/Air   22%        6-21      16%         5

Your spell library contained the following spells:

 Spells                   Type           Power      Damage    Failure   Level
 Freeze                   Ice            72%        1d9       1%          1
 Necrotise                Necr           72%        1d7       1%          1
 Slow                     Hex            100%       N/A       1%          1
 Confusing Touch          Hex            57%        N/A       1%          3
 Conjure Flame            Conj/Fire      79%        6-21      1%          3
 Ozocubu's Armour         Ice            18%        N/A       6%          3
 Vampiric Draining        Necr           18%        2d7       6%          3
 Summon Ice Beast         Ice/Summ       18%        N/A       21%         4
 Metabolic Englaciation   Hex/Ice        20%        N/A       21%         5
 Agony                    Necr           18%        N/A       50%         5
 Ozocubu's Refrigeration  Ice            9%         4d9       100%        7


Dungeon Overview and Level Annotations

Branches:
Dungeon (11/15)            Temple (0/1) D:6            Lair (5/5) D:8
 Shoals (0/4) Lair:3        Snake (0/4) Lair:3        Slime (0/5) Lair:4
    Orc (2/2) D:9             Elf (0/3) Orc:2         IceCv (visited)

Shops:
D:3 *   D:6 =[   D:8 (*   D:9 !   Orc:2 :

Annotations:
D:5 1 runed translucent door, Seidenschwarz's ghost, amateur MiFi
D:7 2 transporters, Sanktem7's ghost, novice MiFi
D:8 1 runed translucent door, AverageBear's ghost, novice OpFi
D:10 exclusion: orange crystal statue
Lair:4 3 runed translucent doors, Lysca's ghost, journeyman FoVM
Lair:5 exclusion: obsidian statue
Orc:1 Jorgrun


Innate Abilities, Weirdness & Mutations

You have an increased reservoir of magic. (+10% MP)
You shall have no god before yourself.
Your divine heritage dramatically boosts your attributes as you level up.


Message History

The orc priest looks braver for a moment.
The warg closely misses you.
You hear a shout!
The orc shouts!
An orc warrior comes into view. It is wielding a +0 dire flail.
The orc priest begins to cast a cantrip, but forgets the words!
The warg barely misses you.
The orc warrior throws a boomerang.
The boomerang hits you.
* * * LOW HITPOINT WARNING * * *
The warg barely misses you.
An orc comes into view. It is wielding a +2 flail of draining.
You block the orc warrior's attack.
The orc priest begins to cast a cantrip, but forgets the words!
An orc comes into view. It is wielding a +0 flail.
The orc warrior shouts!
There is a stone staircase leading up, spattered with blood here.
Okay, then.
You hear a shout! x2
The warg bites you but does no damage. The orc warrior misses you.
The orc sorcerer mumbles some strange words.
The orc warrior barely misses you.
The orc priest calls down the wrath of Beogh upon you.
Beogh smites you!
* * * LOW HITPOINT WARNING * * *
You block the warg's attack.
You climb upwards.
Level annotation: Jorgrun Reactivating autopickup.
Jorgrun gestures at you while chanting.
Roots burst forth from the earth!
The grasping roots grab you! The grasping roots constrict you.
* * * LOW HITPOINT WARNING * * *
You block the two-headed ogre's attack. x2; The orc warrior barely misses you.
The grasping roots constrict you!
* * * LOW HITPOINT WARNING * * *
The orc warrior misses you.
The two-headed ogre hits you with a +0 giant club!
* * * LOW HITPOINT WARNING * * *
The two-headed ogre hits you with a +0 giant club!!
You die...

....## .....##
##.#....$..
......####.###.........#
............#...........
.#.........##.....$.....
o#...$....#.##..........
.............##.........
.....o....$.###o.h....##
.#o....##..g.o.o@o.....#
##......o.$.#.ooOo.....#
#.#.............$.......
.........$..........##.#
#..........o.....$....##
.....##.^..............#
.....####........#......
...... ##...#.........#
$##..# #......#...$.##


You could see Jorgrun, a two-headed ogre, a warg, 3 orc warriors, 3 orc priests,
an orc wizard and an orc.

Vanquished Creatures
  4 dire elephants (Lair:5)
  Harold (D:8)
  11 hydras
  Erica (D:8)
  5 death yaks
  A spectral dire elephant (Lair:5)
  A fire crab (Lair:5)
  A spectral anaconda (Lair:5)
  A deep troll (Lair:3)
  4 necromancers (Lair:5)
  A moth of wrath (Lair:4)
  A cyclops (D:11)
  6 elephants (Lair:5)
  A manticore (Lair:3)
  Maurice (D:8)
  5 black mambas
  A torpor snail (Lair:4)
  2 ice statues (IceCv)
  10 cane toads
  12 komodo dragons
  A rime drake (Lair:3)
  A dire elephant skeleton (Lair:5)
  A tengu conjurer (D:9)
  A freezing wraith (IceCv)
  6 ice devils (IceCv)
  A queen bee (Lair:3)
  A tyrant leech (Lair:4)
  A polar bear (Lair:4)
  3 hornets
  A spectral elephant (Lair:5)
  A wind drake (Lair:3)
  20 blink frogs
  10 dream sheep
  Sigmund (D:5)
  A wraith (D:9)
  A dire elephant simulacrum (IceCv)
  40 yaks
  2 wyverns
  4 basilisks
  Eustachio (D:6)
  A death yak simulacrum (IceCv)
  A harpy simulacrum (IceCv)
  2 swamp worms (Lair:4)
  A naga (Lair:3)
  An acid dragon (D:11)
  3 spectral cane toads (Lair:5)
  11 water moccasins
  6 orc warriors
  A sky beast (D:8)
  A black bear (Lair:3)
  4 ogres
  8 wolves
  A centaur (D:10)
  A phantom (D:5)
  2 kobold brigands (D:9)
  13 bullfrogs
  A two-headed ogre simulacrum (IceCv)
  3 necrophages
  3 gnoll sergeants (D:6)
  A cane toad simulacrum (IceCv)
  8 wights
  26 killer bees
  7 crimson imps (D:7)
  3 jellies
  5 hounds
  Crazy Yiuf (D:7)
  8 orc priests
  A gnoll bouda (D:6)
  2 iguanas (D:4)
  19 orc wizards
  A polar bear simulacrum (IceCv)
  A troll simulacrum (IceCv)
  4 spriggan simulacra (IceCv)
  2 wolf simulacra (IceCv)
  21 gnolls (D:6)
  8 adders
  A naga simulacrum (IceCv)
  A shadow imp (D:5)
  7 white imps
  5 ufetubi
  6 worms
  A dart slug (D:1)
  32 orcs
  8 ball pythons
  5 endoplasms
  A giant cockroach (D:2)
  4 goblins
  7 hobgoblins
  2 jackals (D:6)
  A quokka (D:4)
  5 bats
  16 frilled lizards
  19 kobolds
  9 rats
  2 bushes (Lair:5)
482 creatures vanquished.

Vanquished Creatures (collateral kills)
  24 foxfires
24 creatures vanquished.

Vanquished Creatures (others)
  An ice beast (D:6)
  A human (D:8)
  1264 foxfires
  77 fungi
  126 plants
  35 withered plants (Lair:5)
1504 creatures vanquished.

Grand Total: 2010 creatures vanquished

Notes
Turn   | Place    | Note
-------+----------+-------------------------------------------
     0 | D:1      | croobank the Demigod Fire Elementalist began the quest for
                  | the Orb.
     0 | D:1      | Reached XP level 1. HP: 14/14 MP: 5/5
   175 | D:1      | Reached skill level 1 in Conjurations
   413 | D:1      | Reached skill level 2 in Stealth
   419 | D:1      | Reached XP level 2. HP: 2/20 MP: 1/7
   714 | D:1      | Learned a level 2 spell: Scorch
  1594 | D:2      | Reached XP level 3. HP: 14/26 MP: 1/8
  1962 | D:2      | Identified the +0 pair of gloves "Ugril" {rElec rPois}
  2460 | D:2      | You fall into a shaft and drop 1 floor!
  2976 | D:3      | Reached XP level 4. HP: 34/34 MP: 0/10
  3468 | D:3      | Found Peha's Assorted Antiques.
  3476 | D:3      | Bought a lead wand for 76 gold pieces
  3691 | D:3      | Reached skill level 1 in Shields
  3788 | D:3      | Found the +4 robe of Augmentation {Str+4 Int+4 Dex+4}
  4010 | D:3      | Reached skill level 1 in Fighting
  4238 | D:4      | Learned a level 3 spell: Inner Flame
  4367 | D:4      | Reached XP level 5. HP: 40/40 MP: 7/11
  5163 | D:4      | Reached skill level 3 in Stealth
  5416 | D:4      | Reached XP level 6. HP: 47/47 MP: 0/12
  6025 | D:5      | Entered Level 5 of the Dungeon
  6025 | D:5      | Noticed Seidenschwarz's ghost (amateur MiFi)
  6032 | D:5      | Found a runed translucent door.
  6078 | D:5      | Identified the +4 flail of the Wheel {protect, Str-3 Int+3
                  | Dex+7}
  6275 | D:5      | Noticed Sigmund
  6286 | D:5      | Killed Sigmund
  6389 | D:5      | Reached XP level 7. HP: 55/55 MP: 7/14
  7417 | D:6      | Reached skill level 1 in Hexes
  7706 | D:6      | Found Cuenoz's Antique Armour Shop.
  7714 | D:6      | Bought a runed scarf for 160 gold pieces
  7742 | D:6      | Found Ilegi's Jewellery Emporium.
  7987 | D:6      | Noticed Eustachio
  7994 | D:6      | Killed Eustachio
  7995 | D:6      | Reached skill level 4 in Stealth
  7995 | D:6      | Reached XP level 8. HP: 62/62 MP: 9/16
  8307 | D:6      | Found a staircase to the Ecumenical Temple.
  8687 | D:7      | Found a transporter.
  8807 | D:7      | Noticed a hornet
  8814 | D:7      | Killed a hornet
  8815 | D:7      | Noticed a hornet
  8825 | D:7      | Killed a hornet
  9372 | D:7      | Noticed a moth of wrath
  9383 | D:7      | Noticed Sanktem7's ghost (novice MiFi)
  9537 | D:7      | Reached skill level 5 in Fire Magic
  9537 | D:7      | Reached XP level 9. HP: 71/71 MP: 14/18
  9713 | D:7      | Found a transporter.
  9876 | D:7      | Found a runed translucent door.
  9877 | D:7      | Noticed Crazy Yiuf
  9883 | D:7      | Killed Crazy Yiuf
  9948 | D:8      | Found Yhashygu's Weapon Emporium.
 10016 | D:8      | Found Gozag's Platinum Reserve.
 10133 | D:8      | Reached skill level 5 in Stealth
 10140 | D:8      | Identified the +1 ring mail "Komybilen" {Dex+4}
 10349 | D:8      | Noticed Erica
 10365 | D:8      | Killed Erica
 10366 | D:8      | Reached skill level 5 in Dodging
 10616 | D:8      | Found a staircase to the Lair.
 10633 | D:8      | Found a runed translucent door.
 10638 | D:8      | Noticed AverageBear's ghost (novice OpFi)
 10661 | D:8      | Noticed Maurice
 10671 | D:8      | Killed Maurice
 11533 | D:8      | Reached skill level 5 in Conjurations
 11662 | D:9      | Reached XP level 10. HP: 80/80 MP: 11/20
 12357 | D:9      | Found Kofadatt's Distillery.
 12387 | D:9      | Reached skill level 6 in Stealth
 12625 | D:9      | Learned a level 4 spell: Flame Wave
 12645 | D:9      | Found a staircase to the Orcish Mines.
 12691 | D:9      | Reached skill level 5 in Spellcasting
 12719 | D:9      | Reached skill level 5 in Shields
 12720 | D:9      | Reached skill level 5 in Fighting
 13135 | D:10     | Entered Level 10 of the Dungeon
 13514 | D:10     | Noticed an orange crystal statue
 14331 | D:11     | Noticed a manticore
 14422 | D:11     | Noticed a cyclops
 14428 | D:11     | Killed a cyclops
 14737 | Lair:1   | Entered Level 1 of the Lair of Beasts
 14738 | Lair:1   | Noticed Harold
 14911 | D:8      | HP: 4/81 [Harold/+1 scimitar of holy wrath (9)]
 14919 | D:8      | Killed Harold
 15250 | Lair:1   | Noticed a five-headed hydra
 15272 | Lair:1   | Killed a five-headed hydra
 15273 | Lair:1   | Reached XP level 11. HP: 45/88 MP: 1/23
 15367 | Lair:1   | Found a frozen archway.
 15403 | IceCv    | Entered an ice cave
 15596 | IceCv    | Reached skill level 5 in Hexes
 16157 | IceCv    | Reached skill level 7 in Stealth
 16709 | IceCv    | Noticed a reaper
 16758 | IceCv    | Got the Incunable of the Glacier
 17123 | Lair:1   | Noticed a four-headed hydra
 17135 | Lair:1   | Killed a one-headed hydra
 17578 | Lair:1   | Noticed a seven-headed hydra
 17588 | Lair:1   | Killed a seven-headed hydra
 18379 | Lair:1   | Noticed an eight-headed hydra
 18885 | Lair:1   | Killed a four-headed hydra
 19515 | D:6      | Bought a +6 ring of intelligence for 396 gold pieces
 19764 | Lair:2   | Noticed a five-headed hydra
 19771 | Lair:2   | Killed a five-headed hydra
 19906 | Lair:2   | Learned a level 3 spell: Mephitic Cloud
 19925 | Lair:2   | Reached XP level 12. HP: 76/97 MP: 3/26
 20070 | Lair:2   | Reached skill level 8 in Stealth
 20158 | Lair:2   | Learned a level 3 spell: Ignite Poison
 22141 | Lair:3   | Noticed a six-headed hydra
 22154 | Lair:3   | Killed a three-headed hydra
 23078 | D:9      | Bought a potion of curing for 39 gold pieces
 23078 | D:9      | Bought a potion of curing for 39 gold pieces
 23078 | D:9      | Bought a potion of heal wounds for 65 gold pieces
 23310 | Lair:3   | Found a staircase to the Shoals.
 23453 | Lair:3   | Noticed a seven-headed hydra
 23463 | Lair:3   | Killed a seven-headed hydra
 23610 | Lair:3   | Learned a level 5 spell: Freezing Cloud
 23916 | Lair:3   | Found a staircase to the Snake Pit.
 25137 | Lair:4   | Reached skill level 9 in Stealth
 25720 | Lair:4   | Reached XP level 13. HP: 107/107 MP: 20/28
 25832 | Lair:4   | Found a runed translucent gate.
 25833 | Lair:4   | Found a runed translucent gate.
 25886 | Lair:4   | Found a runed translucent gate.
 26093 | Lair:4   | Found a runed translucent door.
 26094 | Lair:4   | Found a staircase to the Slime Pits.
 26209 | Lair:4   | Identified the ring of Biosigay {rN+ rCorr Str+4}
 26324 | Lair:4   | Noticed Lysca's ghost (journeyman FoVM)
 26430 | Lair:5   | Entered Level 5 of the Lair of Beasts
 28666 | Lair:5   | Noticed a dire elephant
 28867 | Lair:5   | Noticed a dire elephant
 28867 | Lair:5   | Noticed a dire elephant
 28878 | Lair:5   | Noticed a dire elephant
 28913 | Lair:5   | Killed a dire elephant
 30420 | Lair:5   | Reached skill level 10 in Stealth
 30795 | Lair:5   | Killed a dire elephant
 31270 | Lair:5   | Killed a dire elephant
 31422 | Lair:5   | Killed a dire elephant
 32937 | Orc:1    | Entered Level 1 of the Orcish Mines
 32940 | Orc:1    | Reached XP level 14. HP: 118/118 MP: 10/31
 32968 | Orc:1    | Noticed Jorgrun
 34014 | Orc:2    | Entered Level 2 of the Orcish Mines
 34496 | Orc:2    | Found Ericrat's Self-Improvement Boutique.
 34590 | Orc:2    | Found a staircase to the Elven Halls.
 34592 | Orc:2    | HP: 4/118 [orc priest/divine providence[an orc knight] (7)]
 34611 | Orc:1    | Mangled by a two-headed ogre

Illustrated notes

Levels and vault maps discovered:
D:1:      minmay_arrival_solitary_statue, layout_loops_ring,
          dreamdust_ecumenical_altar_angels_and_demons
D:2:      layout_basic, serial_bayou, serial_bayou_pond_a, serial_bayou_shore_a,
          serial_bayou_pond_c, serial_bayou_shore_b, minmay_misc_feat_square
D:3:      layout_loops_ring, grunt_temple_overflow_open, serial_shops,
          nicolae_shop_hallway_stairs, hangedman_abyss_or_decor_lesser_grid
D:4:      layout_cave_pods, kennysheep_mini_moat, minmay_lizard_king
D:5:      layout_loops_cross, hellmonk_ghost_happy_afterlife, uniq_sigmund
D:6:      layout_cave_pools, mainiacjoe_overflow_six_doors_small,
          lemuel_temple_firewalk_b, serial_gnoll_camp, gnoll_camp_mini_hut,
          gnoll_camp_medium_02, gnoll_camp_mini_loothouse,
          gnoll_camp_mini_sergeant, gnoll_camp_mini_shop, gnoll_camp_mini_shop,
          hangedman_abyss_or_decor_slice, uniq_eustachio
D:7:      layout_basic, mainiacjoe_overflow_boulevard,
          gammafunk_ghost_berserking_beasts, minmay_nine_imps,
          uniq_crazy_yiuf_cottage
D:8:      layout_basic, tgw_kikubaaqudgha, nicolae_gozag_zags_fifth_avenue,
          lair_entry_dummy, serial_shops, nicolae_shop_crystal,
          ebering_ghost_reflecting_pool, uniq_erica, uniq_maurice
D:9:      layout_rooms, nicolae_hepliaklqana_hazy_memory, orc_0_dummy,
          serial_shops, nicolae_shop_statue_plus
D:10:     layout_basic, minmay_statue_bubble
D:11:     layout_irregular_city
Lair:1:   layout_chaotic_city, portal_ice_cave_entry_pillars_1,
          lemuel_fruit_tree, grunt_megastairs_4, uniq_harold
Lair:2:   layout_regular_city, chequers_serial_rivers_micro_a
Lair:3:   dreamdust_cave_troll, layout_misc_corridors,
          minmay_shoals_entry_beasts, guppyfry_snake_entry_garden, special_room
          [special_room_bee], serial_bayou_shore_b
Lair:4:   layout_regular_city, slime_entry_2, gammafunk_ghost_necromancy,
          chequers_serial_rivers_room_a, worms_lemuel
Lair:5:   due_jungle_book, layout_regular_city, chequers_serial_rivers_micro_a,
          hangedman_lair_unloving_vines
Orc:1:    layout_caves, uniq_jorgrun, uniq_snorg
Orc:2:    grunt_orc_community_town_hall, layout_caves,
          grunt_orc_community_big_house_1, grunt_orc_community_big_house_2,
          grunt_orc_community_house_2, grunt_orc_community_house_2,
          grunt_orc_community_house_3, grunt_orc_community_house_1,
          nicolae_shop_self_help

Skill      XL: |  1  2  3  4  5  6  7  8  9 10 11 12 13 |
---------------+----------------------------------------+-----
Conjurations   | 1 2 3 4 5 7 8 9 |  9.4
Stealth        | 2 3 4 5 6 7 9 10 | 10.3
Dodging        | 2 3 4 5 6 7 8 9 |  9.5
Spellcasting   | 2 3 4 5 6 7 8 |  8.6
Fire Magic     | 3 4 5 6 7 8 9 |  9.7
Shields        | 1 2 3 4 5 |  5.2
Fighting       | 1 2 3 4 5 6 8 9 |  9.2
Hexes          | 1 2 3 4 5 |  5.0

Action                   |  1- 3 |  4- 6 |  7- 9 | 10-12 | 13-15 || total
-------------------------+-------+-------+-------+-------+-------++-------
Melee: Unarmed           |    28 |       |       |       |       ||    28
       Short sword       |    14 |     5 |       |       |       ||    19
       Flail             |       |       |   103 |    37 |       ||   140
       Dagger            |       |       |     1 |     1 |    21 ||    23
       Scimitar          |       |       |       |   135 |   122 ||   257
       Falchion          |       |       |       |       |     5 ||     5
Throw: Throwing net      |       |       |       |       |     5 ||     5
 Cast: Foxfire           |    74 |    94 |   118 |   351 |   142 ||   779
       Scorch            |    25 |    28 |   107 |   344 |   204 ||   708
       Flame Wave        |       |       |       |     3 |    24 ||    27
       Mephitic Cloud    |       |       |       |     3 |     7 ||    10
       Ignite Poison     |       |       |       |     3 |     2 ||     5
Evoke: Wand              |       |       |     7 |     3 |    12 ||    22
  Use: Potion            |     1 |     1 |     2 |    12 |    15 ||    31
       Scroll            |       |    13 |     4 |    15 |     9 ||    41
 Stab: Invisible         |       |       |       |     3 |     3 ||     6
       Sleeping          |       |       |       |       |     1 ||     1
Armor: Robe              |     8 |     3 |    50 |   124 |    85 ||   270
Dodge: Dodged            |    31 |     5 |    94 |   337 |   268 ||   735
Block: Buckler           |     1 |     2 |    72 |   228 |   168 ||   471
